 Dungeon Crawl Stone Soup version 0.31-a0-516-gfcb59812bd (webtiles) character file.

Game seed: 4881926461155455203

11 GordonOverkill the Sneak (level 2, -7/16 HPs)
             Began as a Vine Stalker Delver on Aug 10, 2023.
             Mangled by a gnoll
             ... wielding a +0 whip
             ... led by a gnoll sergeant
              (8 damage)
             ... on level 5 of the Dungeon.
             The game lasted 00:00:51 (318 turns).

GordonOverkill the Sneak (Vine Stalker Delver)       Turns: 318, Time: 00:00:51

Health: -7/16      AC:  3    Str: 14    XL:     2   Next: 29%
Magic:  0/3        EV: 11    Int: 10    God:
Gold:   0          SH:  0    Dex: 15    Spells: 1/1 levels left

rFire   . . .        h - +0 flail
rCold   . . .        (no shield)
rNeg    . . .        b - +0 leather armour
rPois   .            (no helmet)
rElec   .            (no cloak)
rCorr   .            (no gloves)
SInv    .            (no boots)
Will    .....        (no amulet)
Stlth   +++          (no ring)
HPRegen 0.22/turn    (no ring)
MPRegen 0.08/turn

%: guardian spirit
@: no status effects
A: fangs 2, magic shield, antimagic bite, no potion heal 2
a: no special abilities


You were on level 5 of the Dungeon.
You visited 1 branch of the dungeon, and saw 2 of its levels.

Inventory:

Hand Weapons
 h - a +0 flail (weapon)
Missiles
 i - a boomerang (quivered)
Armour
 b - a +0 leather armour (worn)
Wands
 g - a wand of digging (3)
Scrolls
 a - a scroll of poison {unknown}
 c - a scroll of fog
 d - a scroll of revelation
 e - a scroll of fear
Potions
 f - a potion of haste


   Skills:
 - Level 2.6 Fighting
 + Level 2.3 Maces & Flails
 + Level 0.9 Throwing
 - Level 1.5 Dodging
 - Level 6.0 Stealth


You had one spell level left.
You didn't know any spells.
Your spell library was empty.

Dungeon Overview and Level Annotations

Branches:
Dungeon (6/15)
 Temple: D:4-7

Altars:


Innate Abilities, Weirdness & Mutations

You have extremely sharp teeth.
When hurt, damage is shared between your health and your magic reserves.
Your bite disrupts and absorbs the magic of your enemies.
Potions cannot restore your health.


Message History

You feel very sick. The adder bites you but does no damage.
You miss the adder. Your bite misses the adder.
The adder is almost dead.
You feel sick. The adder barely misses you. The adder completely misses you.
You are too injured to fight recklessly!
You sock the adder!
You kill the adder!
You feel sick.
You have reached level 2!
You start resting.
You feel sick. x3
You are no longer poisoned.
You start resting.
Magic restored.
You start resting.
HP restored.
You open the door.
There is an open door here.
Found a pair of gloves.
A gnoll comes into view. It is wielding a +0 whip.
The gnoll shouts!
You hear a shout! x2
A gnoll is nearby!
You closely miss the gnoll. You bite the gnoll. You drain its power.
The gnoll is moderately wounded.
The gnoll hits you with a +0 whip.
You closely miss the gnoll. Your bite misses the gnoll.
The gnoll is moderately wounded.
The gnoll hits you with a +0 whip!
Ouch! That really hurt!
* * * LOW HITPOINT WARNING * * *
You are too injured to fight recklessly!
You are too injured to fight recklessly!
You hit the gnoll but do no damage. You bite the gnoll. You drain its power.
You feel invigorated.
The gnoll is moderately wounded.
The gnoll hits you with a +0 whip!
* * * LOW HITPOINT WARNING * * *
The gnoll hits you with a +0 whip!
Ouch! That really hurt!
You die...

##### #.........#
....# #..########
###.###########..#
.............##..#
..........##.##..#
.##.####..##.##..###
. #.# #..##.......#
... #.........###
.... ..........@#
.....###........g#
...............#.#
...#.##........#.#
#........#.#
#........#.#
#######.#####
............#
..[............


You could see a gnoll.

Vanquished Creatures
  An adder (D:5)
  An orc (D:5)
2 creatures vanquished.

Notes
Turn   | Place    | Note
-------+----------+-------------------------------------------
     0 | D:5      | GordonOverkill the Vine Stalker Delver began the quest for
                  | the Orb.
     0 | D:5      | Reached XP level 1. HP: 11/11 MP: 2/2
     1 | D:6      | Noticed an orc wizard
   114 | D:5      | Noticed a black bear
   116 | D:5      | Noticed a hound
   148 | D:5      | Reached XP level 2. HP: 7/16 MP: 1/3
   318 | D:5      | Mangled by a gnoll

Illustrated notes

Levels and vault maps discovered:
D:5:      layout_basic, mainiacjoe_overflow_concentric_impassable,
          kennysheep_generic_room_15
D:6:      layout_loops_ring, nicolae_ru_the_path_less_chosen, dk_noncrumbling_4

Skill      XL: |  1 |
---------------+----+-----
Maces & Flails | 2 |  2.3
Fighting       | |  2.6
Throwing       | |  0.9
Dodging        | |  1.5
Stealth        | |  6.0

Action                     || total
---------------------------++-------
  Melee: Flail             ||     7
         Mace              ||     1
         Bite              ||     2
   Stab: Sleeping          ||     1
 Armour: Leather armour    ||     1
  Dodge: Dodged            ||     2

Table legend: (Time is in decaauts)
 A = Elapsed time spent in this place.
 B = Non-inter-level travel time spent in this place.
 C = Inter-level travel time spent in this place.
 D = Time resting spent in this place.
 E = Time spent auto-exploring this place.
 F = Levels seen in this place.
 G = Mean time per level.
                   A        B        C        D        E       F      G
               +--------+--------+--------+--------+--------+-----+--------+
         Total |    319 |    319 |      0 |    152 |      0 |   2 |  159.5 |
       Dungeon |    319 |    319 |      0 |    152 |      0 |   2 |  159.5 |
               +--------+--------+--------+--------+--------+-----+--------+

Top non-repeatable levels by time:
     D:5: 314 daAuts
     D:6: 4 daAuts
